| TOP OF THE 1ST |
|
Greeneville Astros batting - Pitching for Bluefield Blue Jays : LHP Zhu Chai
|
|
Pitching: LHP Zhu Chai
|
|
|
Batting: LHB Lou Toth
|
0-0: Ball 1-0: Ball 2-0: Called Strike 2-1: Foul Ball, location: 2F 2-2: Ball 3-2: Fly out, F7 (Flyball, 7, EV 92.5 MPH)
|
|
Batting: LHB Bert Middleton
|
0-0: Ball 1-0: Ball 2-0: Ball 3-0: Base on Balls
|
|
Batting: LHB Josh Glass
|
0-0: Called Strike 0-1: Ball 1-1: Fly out, F8 (Flyball, 8LXD, EV 104.4 MPH)
|
|
Batting: RHB Tim Williams
|
0-0: Ball 1-0: Ball 2-0: Called Strike 2-1: Fly out, F7 (Line Drive, 8LM, EV 90.6 MPH)
|
| Top of the 1st over - 0 runs, 0 hits, 0 errors, 1 left on base; Greeneville 0 - Bluefield 0 |
| BOTTOM OF THE 1ST |
|
Bluefield Blue Jays batting - Pitching for Greeneville Astros : RHP Rory Mozer
|
|
Pitching: RHP Rory Mozer
|
|
|
Batting: LHB Jessie Stewart
|
0-0: Fly out, F7 (Line Drive, 78M, EV 100.6 MPH)
|
|
Batting: SHB Toby Patenaude
|
0-0: Called Strike 0-1: Foul Ball, location: 2F 0-2: Fly out, F8 (Flyball, 8RS, EV 82.5 MPH)
|
|
Batting: RHB Mark Noftall
|
0-0: Ball 1-0: Foul Ball, location: 2F 1-1: Ball 2-1: Ball 3-1: SINGLE (Line Drive, 6D, EV 94.4 MPH)
|
|
Batting: RHB Lao-che Zhu
|
0-0: Called Strike 0-1: Called Strike 0-2: Ground out 4-3 (Groundball, 34, EV 98.1 MPH)
|
| Bottom of the 1st over - 0 runs, 1 hit, 0 errors, 1 left on base; Greeneville 0 - Bluefield 0 |
| TOP OF THE 2ND |
|
Greeneville Astros batting - Pitching for Bluefield Blue Jays : LHP Zhu Chai
|
|
Batting: LHB Vecdi Hodensack
|
0-0: Ground out U3 (Groundball, 3S, EV 81.9 MPH)
|
|
Batting: RHB Jamie Walker
|
0-0: Foul Ball, location: 2F 0-1: Foul Ball, location: 2F 0-2: Ball 1-2: Ball 2-2: Strikes out swinging
|
|
Batting: LHB Gong Tow
|
0-0: Called Strike 0-1: SOLO HOME RUN (Flyball, 9D, EV 98.1 MPH), Distance : 379 ft
|
|
Batting: SHB Rory Mozer
|
0-0: Swinging Strike 0-1: Foul Ball, location: 2F 0-2: Strikes out looking
|
| Top of the 2nd over - 1 run, 1 hit, 0 errors, 0 left on base; Greeneville 1 - Bluefield 0 |
| BOTTOM OF THE 2ND |
|
Bluefield Blue Jays batting - Pitching for Greeneville Astros : RHP Rory Mozer
|
|
Batting: RHB Cedric Nicholls
|
0-0: Foul Ball, location: 2F 0-1: Ball 1-1: Swinging Strike 1-2: Ball 2-2: Foul Ball, location: 2F 2-2: Foul Ball, location: 2F 2-2: Strikes out swinging
|
|
Batting: RHB Tom Bergman
|
0-0: Ball 1-0: Ball 2-0: Ball 3-0: Base on Balls
|
|
Batting: RHB Benedikt Fleischmann
|
0-0: Ball 1-0: Swinging Strike 1-1: Called Strike 1-2: Strikes out swinging
|
|
Batting: RHB Lewis O'Connell
|
0-0: Called Strike 0-1: Swinging Strike 0-2: Strikes out swinging
|
| Bottom of the 2nd over - 0 runs, 0 hits, 0 errors, 1 left on base; Greeneville 1 - Bluefield 0 |
| TOP OF THE 3RD |
|
Greeneville Astros batting - Pitching for Bluefield Blue Jays : LHP Zhu Chai
|
|
Batting: LHB Casper Significant
|
0-0: Called Strike 0-1: Called Strike 0-2: Fly out, F7 (Flyball, 7, EV 87.5 MPH)
|
|
Batting: LHB Lou Toth
|
0-0: Foul Ball, location: 2F 0-1: Foul Ball, location: 2F 0-2: Ball 1-2: Strikes out swinging
|
|
Batting: LHB Bert Middleton
|
0-0: Ball 1-0: Foul Ball, location: 2F 1-1: Ball 2-1: Foul Ball, location: 2F 2-2: Ball 3-2: Foul Ball, location: 2F 3-2: SINGLE (Line Drive, 6MD, EV 98.1 MPH)
|
|
Batting: LHB Josh Glass
|
0-0: Called Strike 0-1: Foul Ball, location: 2F 0-2: Foul Ball, location: 2F 0-2: Foul Ball, location: 2F 0-2: Foul Ball, location: 2F 0-2: Ball 1-2: Ball 2-2: 2-RUN HOME RUN (Flyball, 9LD, EV 97.5 MPH), Distance : 331 ft
|
|
Batting: RHB Tim Williams
|
0-0: Fly out, F6 (Popup, 6MS, EV 61.9 MPH)
|
| Top of the 3rd over - 2 runs, 2 hits, 0 errors, 0 left on base; Greeneville 3 - Bluefield 0 |
| BOTTOM OF THE 3RD |
|
Bluefield Blue Jays batting - Pitching for Greeneville Astros : RHP Rory Mozer
|
|
Batting: RHB Jerry Perez
|
0-0: Called Strike 0-1: Fly out, F8 (Flyball, 89D, EV 103.1 MPH)
|
|
Batting: LHB Jessie Stewart
|
0-0: Called Strike 0-1: Ball 1-1: Ball 2-1: Called Strike 2-2: Ball 3-2: DOUBLE (Line Drive, 78D, EV 106.9 MPH)
|
|
Batting: SHB Toby Patenaude
|
0-0: Ball 1-0: Ground out 6-3 (Groundball, 6, EV 104.4 MPH)
|
|
Batting: RHB Mark Noftall
|
0-0: Ball 1-0: Foul Ball, location: 2F 1-1: Ball 2-1: Called Strike 2-2: Ground out 6-3 (Groundball, 6, EV 82.5 MPH)
|
| Bottom of the 3rd over - 0 runs, 1 hit, 0 errors, 1 left on base; Greeneville 3 - Bluefield 0 |
| TOP OF THE 4TH |
|
Greeneville Astros batting - Pitching for Bluefield Blue Jays : LHP Zhu Chai
|
|
Batting: LHB Vecdi Hodensack
|
0-0: Ball 1-0: Ball 2-0: Ball 3-0: Called Strike 3-1: Fly out, F5 (Popup, 5SF, EV 77.5 MPH)
|
|
Batting: RHB Jamie Walker
|
0-0: Called Strike 0-1: Swinging Strike 0-2: SINGLE (Line Drive, 4M, EV 98.1 MPH)
|
|
Batting: LHB Gong Tow
|
0-0: Called Strike 0-1: Ball 1-1: Swinging Strike 1-2: Foul Ball, location: 2F 1-2: Ball 2-2: Ball 3-2: Ground out 4-3 (Groundball, 4MD, EV 93.1 MPH) Jamie Walker to second
|
|
Batting: SHB Rory Mozer
|
0-0: Ball Passed Ball! Jamie Walker to third 1-0: Ball 2-0: Called Strike 2-1: Ball 3-1: Foul Ball, location: 2F 3-2: Foul Ball, location: 2F 3-2: Base on Balls
|
|
Batting: LHB Casper Significant
|
0-0: Foul Ball, location: 2F 0-1: Fly out, F9 (Flyball, 9, EV 97.5 MPH)
|
| Top of the 4th over - 0 runs, 1 hit, 0 errors, 2 left on base; Greeneville 3 - Bluefield 0 |
| BOTTOM OF THE 4TH |
|
Bluefield Blue Jays batting - Pitching for Greeneville Astros : RHP Rory Mozer
|
|
Batting: RHB Lao-che Zhu
|
0-0: Ball 1-0: Ground out U3 (Groundball, 34, EV 85.0 MPH)
|
|
Batting: RHB Cedric Nicholls
|
0-0: Foul Ball, location: 2F 0-1: Hit by Pitch
|
|
Batting: RHB Tom Bergman
|
0-0: Ball 1-0: SINGLE (Line Drive, 6MD, EV 97.5 MPH) Cedric Nicholls to second
|
|
Batting: RHB Benedikt Fleischmann
|
0-0: Called Strike 0-1: Ball 1-1: Ball Passed Ball! Cedric Nicholls to third Tom Bergman to second 2-1: Ball 3-1: Ground out 6-3 (Groundball, 6, EV 76.9 MPH) Cedric Nicholls scores
|
|
Batting: RHB Lewis O'Connell
|
0-0: Called Strike 0-1: Foul Ball, location: 2F 0-2: Ball 1-2: SINGLE (Groundball, 34S, EV 77.5 MPH) (infield hit) Tom Bergman to third
|
|
Batting: RHB Jerry Perez
|
0-0: Swinging Strike 0-1: Called Strike 0-2: Ball 1-2: Ball 2-2: Ball 3-2: Foul Ball, location: 2F 3-2: Strikes out swinging
|
| Bottom of the 4th over - 1 run, 2 hits, 0 errors, 2 left on base; Greeneville 3 - Bluefield 1 |
| TOP OF THE 5TH |
|
Greeneville Astros batting - Pitching for Bluefield Blue Jays : LHP Zhu Chai
|
|
Batting: LHB Lou Toth
|
0-0: Ball 1-0: Called Strike 1-1: Foul Ball, location: 2F 1-2: Strikes out swinging
|
|
Batting: LHB Bert Middleton
|
0-0: Ball 1-0: Ground out 4-3 (Groundball, 34, EV 108.8 MPH)
|
|
Pitching: RHP Philip Sonnichsen
|
|
|
Batting: LHB Josh Glass
|
0-0: Called Strike 0-1: Called Strike 0-2: Ball 1-2: Ball 2-2: Ground out 6-3 (Groundball, 6M, EV 96.9 MPH)
|
| Top of the 5th over - 0 runs, 0 hits, 0 errors, 0 left on base; Greeneville 3 - Bluefield 1 |
| BOTTOM OF THE 5TH |
|
Bluefield Blue Jays batting - Pitching for Greeneville Astros : RHP Rory Mozer
|
|
Batting: LHB Jessie Stewart
|
0-0: Foul Ball, location: 2F 0-1: SINGLE (Flyball, 3D, EV 90.6 MPH)
|
|
Batting: SHB Toby Patenaude
|
0-0: Swinging Strike 0-1: Ball 1-1: Swinging Strike 1-2: Ball 2-2: 2-RUN HOME RUN (Flyball, 9D, EV 100.0 MPH), Distance : 374 ft
|
|
Batting: RHB Mark Noftall
|
0-0: Ball 1-0: Ball 2-0: DOUBLE (Line Drive, 89D, EV 105.0 MPH)
|
|
Pitching: RHP Charles Picard
|
|
|
Batting: RHB Lao-che Zhu
|
0-0: Swinging Strike 0-1: Foul Ball, location: 2F 0-2: Ball 1-2: Strikes out looking
|
|
Batting: RHB Cedric Nicholls
|
0-0: Fly out, F9 (Flyball, 9LM, EV 96.2 MPH)
|
|
Batting: RHB Tom Bergman
|
0-0: Called Strike 0-1: Foul Ball, location: 2F 0-2: Ball 1-2: Foul Ball, location: 2F 1-2: Foul Ball, location: 2F 1-2: Strikes out swinging
|
| Bottom of the 5th over - 2 runs, 3 hits, 0 errors, 1 left on base; Greeneville 3 - Bluefield 3 |
| TOP OF THE 6TH |
|
Greeneville Astros batting - Pitching for Bluefield Blue Jays : RHP Philip Sonnichsen
|
|
Batting: RHB Tim Williams
|
0-0: Called Strike 0-1: Foul Ball, location: 2F 0-2: Ball 1-2: Strikes out swinging
|
|
Batting: LHB Vecdi Hodensack
|
0-0: Ball 1-0: Swinging Strike 1-1: Swinging Strike 1-2: Strikes out swinging
|
|
Batting: RHB Jamie Walker
|
0-0: Ball 1-0: Fly out, F4 (Popup, 4, EV 50.6 MPH)
|
| Top of the 6th over - 0 runs, 0 hits, 0 errors, 0 left on base; Greeneville 3 - Bluefield 3 |
| BOTTOM OF THE 6TH |
|
Bluefield Blue Jays batting - Pitching for Greeneville Astros : RHP Charles Picard
|
|
Batting: RHB Benedikt Fleischmann
|
0-0: Ground out 5-3 (Groundball, 56, EV 103.8 MPH)
|
|
Batting: RHB Lewis O'Connell
|
0-0: Foul Ball, location: 2F 0-1: Swinging Strike 0-2: Strikes out looking
|
|
Batting: RHB Jim Sabin
|
0-0: Called Strike 0-1: Ball 1-1: Swinging Strike 1-2: Ground out 6-3 (Groundball, 6, EV 107.5 MPH)
|
| Bottom of the 6th over - 0 runs, 0 hits, 0 errors, 0 left on base; Greeneville 3 - Bluefield 3 |
| TOP OF THE 7TH |
|
Greeneville Astros batting - Pitching for Bluefield Blue Jays : RHP Philip Sonnichsen
|
|
Batting: LHB Gong Tow
|
0-0: Called Strike 0-1: Fly out, F5 (Popup, 5SF, EV 83.8 MPH)
|
|
Batting: SHB Rory Mozer
|
0-0: Called Strike 0-1: Ball 1-1: Foul Ball, location: 2F 1-2: Strikes out looking
|
|
Batting: LHB Casper Significant
|
0-0: Called Strike 0-1: Fly out, F8 (Flyball, 8RD, EV 103.1 MPH)
|
| Top of the 7th over - 0 runs, 0 hits, 0 errors, 0 left on base; Greeneville 3 - Bluefield 3 |
| BOTTOM OF THE 7TH |
|
Bluefield Blue Jays batting - Pitching for Greeneville Astros : RHP Charles Picard
|
|
Batting: LHB Jessie Stewart
|
0-0: Ball 1-0: Ball 2-0: Called Strike 2-1: Ball 3-1: Swinging Strike 3-2: Fly out, F6 (Line Drive, 6, EV 76.2 MPH)
|
|
Batting: SHB Toby Patenaude
|
0-0: Ball 1-0: Called Strike 1-1: Ball 2-1: Ball 3-1: Base on Balls
|
|
Batting: RHB Mark Noftall
|
0-0: Ball 1-0: Foul Ball, location: 2F 1-1: Ball Toby Patenaude steals 2nd base 2-1: Intentional Walk
|
|
Pitching: RHP Marty Jackson
|
|
|
Pinch Hitting: LHB Edwin Esparza
|
0-0: Called Strike 0-1: Foul Ball, location: 2F 0-2: Foul Ball, location: 2F 0-2: Ball 1-2: Ball 2-2: Ball 3-2: Foul Ball, location: 2F 3-2: Strikes out swinging
|
|
Batting: RHB Cedric Nicholls
|
0-0: SINGLE (Groundball, 6MD, EV 99.4 MPH) Toby Patenaude to third Mark Noftall to second Runner from 3rd tries for Home, SAFE, throw by CF to home
|
|
Batting: RHB Tom Bergman
|
0-0: Ball 1-0: Called Strike 1-1: Swinging Strike 1-2: SINGLE (Line Drive, 9S, EV 95.0 MPH) Mark Noftall to third Cedric Nicholls to second Runner from 3rd tries for Home, SAFE, throw by RF to home
|
|
Batting: RHB Benedikt Fleischmann
|
0-0: Called Strike 0-1: DOUBLE (Line Drive, 89D, EV 112.5 MPH) Cedric Nicholls scores Tom Bergman to third
|
|
Batting: RHB Lewis O'Connell
|
0-0: Called Strike 0-1: Swinging Strike 0-2: Ball 1-2: Strikes out swinging
|
| Bottom of the 7th over - 3 runs, 3 hits, 0 errors, 2 left on base; Greeneville 3 - Bluefield 6 |
| TOP OF THE 8TH |
|
Greeneville Astros batting - Pitching for Bluefield Blue Jays : RHP Philip Sonnichsen
|
|
Now at 1B: Jessie Stewart
|
|
|
Now at 3B: Cedric Nicholls
|
|
|
Now in LF: Tom Bergman
|
|
|
Now in RF: Edwin Esparza
|
|
|
Batting: LHB Lou Toth
|
0-0: Ball 1-0: Ground out U3 (Groundball, 3, EV 83.8 MPH)
|
|
Batting: LHB Bert Middleton
|
0-0: Ball 1-0: Swinging Strike 1-1: Swinging Strike 1-2: Ball 2-2: Strikes out swinging
|
|
Batting: LHB Josh Glass
|
0-0: Ball 1-0: Swinging Strike 1-1: Called Strike 1-2: Foul Ball, location: 2F 1-2: Foul Ball, location: 2F 1-2: Strikes out swinging
|
| Top of the 8th over - 0 runs, 0 hits, 0 errors, 0 left on base; Greeneville 3 - Bluefield 6 |
| BOTTOM OF THE 8TH |
|
Bluefield Blue Jays batting - Pitching for Greeneville Astros : RHP Marty Jackson
|
|
Batting: RHB Jim Sabin
|
0-0: Ball 1-0: Ball 2-0: Foul Ball, location: 2F 2-1: Ball 3-1: Foul Ball, location: 2F 3-2: Fly out, F4 (Line Drive, 4, EV 66.2 MPH)
|
|
Batting: LHB Jessie Stewart
|
0-0: Ball 1-0: Foul Ball, location: 2F 1-1: Ball 2-1: Foul Ball, location: 2F 2-2: Strikes out swinging
|
|
Batting: SHB Toby Patenaude
|
0-0: Ball 1-0: Ball 2-0: Called Strike 2-1: Foul Ball, location: 2F 2-2: Ground out U3 (Groundball, 34S, EV 65.6 MPH)
|
| Bottom of the 8th over - 0 runs, 0 hits, 0 errors, 0 left on base; Greeneville 3 - Bluefield 6 |
| TOP OF THE 9TH |
|
Greeneville Astros batting - Pitching for Bluefield Blue Jays : RHP Philip Sonnichsen
|
|
Pitching: LHP Matt Ray
|
|
|
Batting: RHB Tim Williams
|
0-0: Reached on error, E2 (Groundball, 15S, EV 65.6 MPH)
|
|
Batting: LHB Vecdi Hodensack
|
0-0: Ball 1-0: Called Strike Passed Ball! Tim Williams to third 1-1: Called Strike 1-2: Fly out, F8 (Flyball, 8RM, EV 86.9 MPH)
|
|
Batting: RHB Jamie Walker
|
0-0: Reached on error, E6 (Groundball, 6, EV 103.1 MPH) Tim Williams scores
|
|
Pinch Hitting: RHB David Snyder
|
0-0: Swinging Strike 0-1: Ball Wild Pitch! Jamie Walker to second 1-1: Ball 2-1: Ball 3-1: Called Strike 3-2: Strikes out swinging
|
|
Batting: SHB Rory Mozer
|
0-0: Ball 1-0: Ball 2-0: Ball 3-0: Base on Balls
|
|
Pinch Hitting: LHB Bob Neale
|
0-0: Foul Ball, location: 2F 0-1: Swinging Strike 0-2: Fly out, F8 (Line Drive, 8LD, EV 89.4 MPH)
|
| Top of the 9th over - 1 run, 0 hits, 2 errors, 2 left on base; Greeneville 4 - Bluefield 6 |
|